 Dungeon Sprint DCSS version 0.18-a0-1197-g8004e50 (webtiles) character file.

298 pipel the Placeless Spriggan (level 6, -1/34 HPs)
             Began as a Spriggan Warper on Jan 30, 2016.
             Was the Champion of Jiyva.
             Killed by divine providence
             ... invoked by a smoke demon
              (14 damage)
             ... in the Dungeon (Sprint V: "Ziggurat Sprint").
             The game lasted 00:09:42 (176 turns).

pipel the Placeless Spriggan (Spriggan Warper)       Turns: 176, Time: 00:09:43

Health: -1/34      AC:  8    Str: 11    XL:     6   Next: 13%
Magic:  16/16      EV: 32    Int: 12    God:    Jiyva [******]
Gold:   0          SH: 12    Dex: 30    Spells: 4 memorised, 8 levels left

rFire  + + .     SeeInvis +     a - +5 quick blade
rCold  . . .     Gourm    .     b - +0 robe
rNeg   . . .     Faith    .     Q - +3 buckler
rPois  .         Spirit   .     (helmet restricted)
rElec  .         Dismiss  .     (no cloak)
rCorr  +         Reflect  .     (gloves unavailable)
SustAt .         Harm     .     (boots unavailable)
MR     +....     NoTele   +     (no amulet)
Stlth  ++++......               I - +6 ring of dexterity
                                o - ring "Quocraydd" {rF++ Str+4 Int-4 Dex+4}

@: shrouded, very slightly contaminated, very quick, somewhat resistant to
hostile enchantments, stealthy
A: unfitting armour, fangs 2, rugged brown scales 2, slimy green scales 1, see
invisible, agile 1, clever 1, herbivore 3, speed 3, slow metabolism 2,
gelatinous body 3
a: Request Jelly, Jelly Paralyse, Slimify, Cure Bad Mutation, Renounce Religion


You were in the Dungeon.
You worshipped Jiyva.
Jiyva was exalted by your worship.
You were completely stuffed.

You visited 1 branch

Inventory:

Hand Weapons
 a - a +5 quick blade (weapon)
 y - a +5 dagger
 A - a +0 short sword
 B - a +5 rapier
Missiles
 e - 5 tomahawks of dispersal (quivered)
Armour
 b - a +0 robe (worn)
 Q - a +3 buckler (worn)
 R - a +5 gold dragon armour
 S - a +5 shadow dragon armour
Magical Staves
 G - an uncursed staff of energy
Jewellery
 o - the ring "Quocraydd" (left hand) {rF++ Str+4 Int-4 Dex+4}
   (You found it in the Dungeon)

   [ring of strength]

   It affects your strength (+4).
   It affects your intelligence (-4).
   It affects your dexterity (+4).
   It greatly protects you from fire.
 I - a +6 ring of dexterity (right hand)
 J - a +6 ring of dexterity
 K - a +6 ring of intelligence
 L - a +6 ring of intelligence
 M - a +6 ring of strength
 N - a +6 ring of strength
 O - an uncursed ring of flight
Wands
 C - a wand of disintegration (7/24)
 D - a wand of fireball (5/15)
 E - a wand of lightning (5/15)
 F - a wand of draining (5/15)
Scrolls
 d - 5 scrolls of blinking
 r - 4 scrolls of amnesia
 s - 3 scrolls of recharging
 t - 7 scrolls of fog
 u - a scroll of holy word
 v - 5 scrolls of identify
 w - 5 scrolls of remove curse
 x - 2 scrolls of fear
Potions
 g - 10 potions of curing
 h - 10 potions of heal wounds
 i - 6 potions of haste
 j - 7 potions of magic
 k - 3 potions of berserk rage
 l - 2 potions of brilliance
 m - 2 potions of invisibility
 n - 4 potions of resistance
 p - 5 potions of agility
 q - 5 potions of might
Books
 c - a book of Spatial Translocations

   Spells                             Type                      Level
   a - Apportation                    Translocation                1
   b - Blink                          Translocation                2
   c - Shroud of Golubria             Charms/Translocation         2
   d - Portal Projectile              Translocation                3
   e - Teleport Other                 Translocation                3
   f - Passage of Golubria            Translocation                4
Miscellaneous
 H - a crystal ball of energy
 P - a disc of storms
Comestibles
 f - 5 bread rations
 z - 42 fruits


   Skills:
 + Level 3.7 Fighting
 + Level 4.3 Short Blades
 + Level 1.4 Staves
 - Level 2.3 Throwing
 + Level 1.2 Armour
 + Level 9.2 Dodging
 - Level 4.0 Stealth
 + Level 2.6 Shields
 + Level 1.4 Unarmed Combat
 - Level 6.2 Spellcasting
 - Level 1.9 Charms
 - Level 10.6 Translocations
 + Level 2.3 Evocations


You had 8 spell levels left.
You knew the following spells:

 Your Spells              Type           Power        Failure   Level  Hunger
a - Apportation           Tloc           ####......   1%          1    None
b - Blink                 Tloc           N/A          1%          2    ##.....
c - Shroud of Golubria    Chrm/Tloc      ###.......   3%          2    ##.....
d - Passage of Golubria   Tloc           N/A          3%          4    ####...


Dungeon Overview and Level Annotations

Branches:
Dungeon (1/1)

Altars:
Ashenzari
Cheibriados
Dithmenos
Elyvilon
Fedhas
Gozag
Kikubaaqudgha
Makhleb
Nemelex Xobeh
Okawaru
Pakellas
Qazlal
Ru
Sif Muna
Trog
Vehumet
Xom
Yredelemnul
Zin
The Shining One
Beogh
Jiyva
Lugonu


Innate Abilities, Weirdness & Mutations

You are tiny and cannot use many weapons and most armour.
You have supernaturally acute eyesight.
You are a herbivore.
You cover ground extremely quickly.
You need consume almost no food.
You have extremely sharp teeth.
You are mostly covered in rugged brown scales (AC +2, +5% HP).
You are partially covered in slimy green scales (AC +2).
You are agile. (Dex +2)
Your mind is acute. (Int +2)
Your gelatinous body deflects attacks (AC +2, EV +2).


Message History

Unknown command.
You enter the passage of Golubria.
You hear a distant slurping noise.
Jiyva appreciates your sacrifice.
You feel a little less hungry.
You feel your power returning.
You feel better. Fehivoc hits you.
You regained 2 hp, and now have 22/34 hp.
MP restored: 16 You enter the passage of Golubria.
A smoke demon comes into view.
The hellwing gives a chilling moan.
The hellwing misses you. You block the hellwing's attack.
You hear a distant slurping noise.
Jiyva appreciates your sacrifice.
You feel a little less hungry.
You feel better.
The Shadow Fiend calls on the powers of darkness!
Your body is wracked with pain!
The smoke demon gestures at you. Something smites you!
You die...

∆∆∆∆∆ ▓..JJ.&:..▓
▓..!}3:|..▓...G.G...▓
▓.........▓.....GJ..▓
▓..1......▓.........▓
▓.3..4....▓......J..▓
▓..3R.22..▓.........▓
▓....3....▓.▓.....▓.▓
▓.....&...▓.........▓
▓....4@...▓▓▓▓▓▓▓▓▓▓▓
▓▓▓▓▓▓▓▓▓▓▓


You could see Hionaz, a Shadow Fiend, a green death, a rakshasa, a soul eater, a
sun demon, a hellwing, 2 smoke demons, a tormentor and a red devil.

Vanquished Creatures
  A ball python (D)
1 creature vanquished.

Vanquished Creatures (collateral kills)
  A draconian (D)
  A hell hound (D)
  A crimson imp (D)
  An iron imp (D)
  2 bat skeletons (D)
  A bat zombie (D)
7 creatures vanquished.

Vanquished Creatures (others)
  A red draconian (D)
  2 draconians (D)
  2 slime creatures (D)
  5 jellies (D)
  3 adders (D)
13 creatures vanquished.

Grand Total: 21 creatures vanquished

Notes
Turn   | Place    | Note
--------------------------------------------------------------
     0 | D        | pipel the Spriggan Warper began the quest for the Orb.
     0 | D        | Reached XP level 1. HP: 10/10 MP: 5/5
     0 | D        | Found a roughly hewn altar of Beogh.
     0 | D        | Found a viscous altar of Jiyva.
     0 | D        | Found a corrupted altar of Lugonu.
     0 | D        | Found a white marble altar of Elyvilon.
     0 | D        | Found a sparkling altar of Nemelex Xobeh.
     0 | D        | Found a burning altar of Makhleb.
     0 | D        | Found an iron altar of Okawaru.
     0 | D        | Found a deep blue altar of Sif Muna.
     0 | D        | Found a radiant altar of Vehumet.
     0 | D        | Found a bloodstained altar of Trog.
     0 | D        | Found a shimmering altar of Xom.
    49 | D        | Became a worshipper of Jiyva Jurosod the Shapeless
    50 | D        | Reached skill level 1 in Staves
    50 | D        | Reached skill level 1 in Armour
    50 | D        | Reached skill level 1 in Shields
    50 | D        | Reached skill level 1 in Unarmed Combat
    50 | D        | Reached skill level 5 in Translocations
    50 | D        | Reached XP level 2. HP: 14/16 MP: 5/7
    54 | D        | Learned a level 2 spell: Blink
    55 | D        | Reached * piety under Jiyva
    55 | D        | Reached ** piety under Jiyva
    57 | D        | Learned a level 2 spell: Shroud of Golubria
    59 | D        | Reached *** piety under Jiyva
    59 | D        | Gained mutation: You can translocate small distances at will. [Jiyva's grace]
    59 | D        | Reached **** piety under Jiyva
    59 | D        | Reached ***** piety under Jiyva
    62 | D        | Gained mutation: You have acidic saliva. [Jiyva's grace]
    62 | D        | Gained mutation: Your mind is acute. (Int +2) [Jiyva's grace]
    64 | D        | Reached ****** piety under Jiyva
    64 | D        | Gained mutation: Your body sometimes deteriorates upon taking damage. [Jiyva's grace]
    65 | D        | Entered arena 1.
    65 | D        | Noticed an earth elemental
    65 | D        | Noticed an air elemental
    65 | D        | Gained mutation: Your flesh is cold resistant. [Jiyva's grace]
    65 | D        | Gained mutation: Your mind is very acute. (Int +4) [Jiyva's grace]
    68 | D        | Entered arena 2.
    68 | D        | Noticed a golden eye
    68 | D        | Noticed a slime creature
    68 | D        | Gained mutation: Your rubbery body absorbs attacks (AC +1). [Jiyva's grace]
    68 | D        | Gained mutation: You are partially covered in rugged brown scales (AC +1, +3% HP). [Jiyva's grace]
    69 | D        | Gained mutation: Your skin changes colour to match your surroundings (Stealth). [Jiyva's grace]
    69 | D        | Gained mutation: Your pliable body absorbs attacks (AC +1, EV +1). [Jiyva's grace]
    70 | D        | Gained mutation: You are partially covered in rough black scales (AC +4, Dex -1). [Jiyva's grace]
    70 | D        | Gained mutation: You are agile. (Dex +2) [Jiyva's grace]
    73 | D        | Gained mutation: You have a small jelly attached to you that may absorb incoming projectiles. [Jiyva's grace]
    73 | D        | Lost mutation: You are agile. (Dex +2) [Jiyva's grace]
    73 | D        | Gained mutation: You have large cloven feet. [Jiyva's grace]
    73 | D        | Lost mutation: Your mind is very acute. (Int +4) [Jiyva's grace]
    73 | D        | Lost mutation: You are partially covered in rough black scales (AC +4, Dex -1). [Jiyva's grace]
    75 | D        | Entered arena 3.
    75 | D        | Noticed a draconian
    75 | D        | Noticed a draconian
    75 | D        | Noticed a draconian
    75 | D        | Noticed a draconian
    78 | D        | Slimified a draconian
    78 | D        | Noticed a slime creature
    78 | D        | a draconian changed into a slime creature
    80 | D        | Slimified a draconian
    80 | D        | Noticed a slime creature
    80 | D        | a draconian changed into a slime creature
    80 | D        | Gained mutation: You are robust (+10% HP). [Jiyva's grace]
    81 | D        | Lost mutation: You have large cloven feet. [Jiyva's grace]
    81 | D        | Lost mutation: Your flesh is cold resistant. [Jiyva's grace]
    84 | D        | Slimified a draconian
    84 | D        | Noticed a slime creature
    84 | D        | a draconian changed into a slime creature
    84 | D        | Gained mutation: Armour fits poorly on your pseudopods. [Jiyva's grace]
    84 | D        | Lost mutation: Your body sometimes deteriorates upon taking damage. [Jiyva's grace]
    84 | D        | Lost mutation: You are robust (+10% HP). [Jiyva's grace]
    84 | D        | Lost mutation: Your mind is acute. (Int +2) [Jiyva's grace]
    84 | D        | Gained mutation: You evolve. [Jiyva's grace]
    84 | D        | Lost mutation: You have a small jelly attached to you that may absorb incoming projectiles. [Jiyva's grace]
    84 | D        | Lost mutation: You can translocate small distances at will. [Jiyva's grace]
    84 | D        | Gained mutation: You are resistant to hostile enchantments. [Jiyva's grace]
    86 | D        | Lost mutation: Your pliable body absorbs attacks (AC +1, EV +1). [Jiyva's grace]
    87 | D        | Entered arena 4.
    87 | D        | Noticed a water moccasin
    87 | D        | Lost mutation: Your skin changes colour to match your surroundings (Stealth). [Jiyva's grace]
    90 | D        | Gained mutation: You are covered in slimy tendrils that may disarm your opponents. [Jiyva's grace]
    91 | D        | Gained mutation: You are highly resistant to hostile enchantments. [Jiyva's grace]
    93 | D        | Slimified a water moccasin
    93 | D        | a water moccasin changed into a jelly
    94 | D        | Gained mutation: You are mostly covered in rugged brown scales (AC +2, +5% HP). [Jiyva's grace]
    98 | D        | Entered arena 5.
    98 | D        | Noticed a wolf
    98 | D        | Noticed a wolf
    98 | D        | Noticed a spriggan
    98 | D        | Noticed a spriggan
    98 | D        | Noticed a spriggan
    98 | D        | Gained mutation: Your pliable body absorbs attacks (AC +1, EV +1). [Jiyva's grace]
    99 | D        | Killed a slime creature
   101 | D        | Lost mutation: You are highly resistant to hostile enchantments. [Jiyva's grace]
   101 | D        | Lost mutation: You have acidic saliva. [Jiyva's grace]
   105 | D        | Entered arena 6.
   105 | D        | Noticed a hell hound
   105 | D        | Noticed a crimson imp
   107 | D        | Gained mutation: You have acidic saliva. [Jiyva's grace]
   110 | D        | Gained mutation: You have a small jelly attached to you that may absorb incoming projectiles. [Jiyva's grace]
   114 | D        | Gained mutation: Your skin is partially translucent (Stealth, -foe acc). [Jiyva's grace]
   114 | D        | Killed a hell hound
   114 | D        | Reached skill level 6 in Dodging
   114 | D        | Reached skill level 7 in Translocations
   114 | D        | Reached XP level 3. HP: 19/19 MP: 8/10
   114 | D        | Reached XP level 4. HP: 24/24 MP: 8/11
   117 | D        | Reached skill level 8 in Translocations
   120 | D        | Entered arena 7.
   120 | D        | Noticed a draconian
   120 | D        | Noticed a draconian
   120 | D        | Noticed a purple draconian
   120 | D        | Noticed a red draconian
   120 | D        | Noticed a draconian
   120 | D        | Noticed a draconian
   123 | D        | Lost mutation: Armour fits poorly on your pseudopods. [Jiyva's grace]
   123 | D        | Gained mutation: Your spells are a little harder to cast, but a little more powerful. [Jiyva's grace]
   125 | D        | Slimified a draconian
   125 | D        | Noticed a slime creature
   125 | D        | a draconian changed into a slime creature
   126 | D        | Lost mutation: Your skin is partially translucent (Stealth, -foe acc). [Jiyva's grace]
   127 | D        | Slimified a purple draconian
   127 | D        | Noticed an azure jelly
   127 | D        | a purple draconian changed into an azure jelly
   129 | D        | Slimified a draconian
   129 | D        | Noticed a slime creature
   129 | D        | a draconian changed into a slime creature
   129 | D        | Gained mutation: You are partially covered in slimy green scales (AC +2). [Jiyva's grace]
   129 | D        | Lost mutation: You are covered in slimy tendrils that may disarm your opponents. [Jiyva's grace]
   130 | D        | Gained mutation: Your gelatinous body deflects attacks (AC +2, EV +2). [Jiyva's grace]
   130 | D        | Gained mutation: Your magical capacity is low (-10% MP). [Jiyva's grace]
   131 | D        | Lost mutation: You are resistant to hostile enchantments. [Jiyva's grace]
   131 | D        | Gained mutation: Your mind is acute. (Int +2) [Jiyva's grace]
   133 | D        | Lost mutation: You have acidic saliva. [Jiyva's grace]
   134 | D        | Killed a red draconian
   134 | D        | Lost mutation: Your magical capacity is low (-10% MP). [Jiyva's grace]
   137 | D        | Gained mutation: You have a small jelly attached to you that senses nearby items. [Jiyva's grace]
   137 | D        | Lost mutation: You have a small jelly attached to you that senses nearby items. [Jiyva's grace]
   137 | D        | Killed a draconian
   137 | D        | Reached skill level 9 in Dodging
   137 | D        | Reached skill level 1 in Charms
   137 | D        | Reached skill level 10 in Translocations
   137 | D        | Reached XP level 5. HP: 28/30 MP: 10/14
   137 | D        | Reached XP level 6. HP: 31/34 MP: 11/16
   139 | D        | Killed a draconian
   139 | D        | Lost mutation: Your mind is acute. (Int +2) [Jiyva's grace]
   140 | D        | Gained mutation: You have a small jelly attached to you that senses nearby items. [Jiyva's grace]
   142 | D        | Gained mutation: You have very sharp teeth. [Jiyva's grace]
   143 | D        | Learned a level 4 spell: Passage of Golubria
   143 | D        | Entered arena 8.
   143 | D        | Noticed a large abomination
   143 | D        | Noticed an efreet
   143 | D        | Noticed a large abomination
   143 | D        | Noticed a large abomination
   146 | D        | Lost mutation: You evolve. [Jiyva's grace]
   148 | D        | Killed a draconian
   149 | D        | Entered arena 9.
   149 | D        | Noticed a naga
   149 | D        | Noticed a naga mage
   149 | D        | Noticed a water moccasin
   149 | D        | Noticed a naga
   149 | D        | Noticed a water moccasin
   150 | D        | Gained mutation: You have large cloven feet. [Jiyva's grace]
   153 | D        | Gained mutation: Your muscles are strong. (Str +2) [Jiyva's grace]
   158 | D        | Slimified a naga mage
   158 | D        | Noticed a slime creature
   158 | D        | a naga mage changed into a slime creature
   159 | D        | Lost mutation: You have a small jelly attached to you that may absorb incoming projectiles. [Jiyva's grace]
   160 | D        | Got the ring "Quocraydd" {rF++ Str+4 Int-4 Dex+4}
   160 | D        | Gained mutation: Your skin is partially translucent (Stealth, -foe acc). [Jiyva's grace]
   161 | D        | Entered arena 10.
   161 | D        | Noticed a slime creature
   161 | D        | Noticed a golden eye
   161 | D        | Noticed a slime creature
   161 | D        | Lost mutation: You have a small jelly attached to you that senses nearby items. [Jiyva's grace]
   161 | D        | Lost mutation: You have large cloven feet. [Jiyva's grace]
   161 | D        | Lost mutation: Your muscles are strong. (Str +2) [Jiyva's grace]
   161 | D        | Gained mutation: Your mind is acute. (Int +2) [Jiyva's grace]
   161 | D        | Lost mutation: Your spells are a little harder to cast, but a little more powerful. [Jiyva's grace]
   163 | D        | Gained mutation: Your spells are a little harder to cast, but a little more powerful. [Jiyva's grace]
   164 | D        | Gained mutation: You are agile. (Dex +2) [Jiyva's grace]
   164 | D        | Gained mutation: You have extremely sharp teeth. [Jiyva's grace]
   165 | D        | Killed a slime creature
   166 | D        | Lost mutation: Your spells are a little harder to cast, but a little more powerful. [Jiyva's grace]
   170 | D        | Entered arena 11.
   170 | D        | Noticed a green death
   170 | D        | Noticed a smoke demon
   170 | D        | Noticed Fehivoc the pandemonium lord
   170 | D        | Noticed a hellwing
   170 | D        | Noticed a red devil
   172 | D        | Noticed a soul eater
   172 | D        | Noticed a rakshasa
   172 | D        | Noticed Hionaz the pandemonium lord
   172 | D        | Lost mutation: Your skin is partially translucent (Stealth, -foe acc). [Jiyva's grace]
   173 | D        | Noticed a Shadow Fiend
   173 | D        | Noticed a tormentor
   174 | D        | Noticed a sun demon
   176 | D        | Noticed a smoke demon
   176 | D        | Killed from afar by a smoke demon

Vault maps used:
D:        sprint_v

Action                   |  1- 3 |  4- 6 || total
-------------------------+-------+-------++-------
Melee: Quick blade       |    13 |    12 ||    25
 Cast: Blink             |     3 |     1 ||     4
       Shroud of Golubri |     1 |     2 ||     3
       Passage of Golubr |       |     6 ||     6
       Apportation       |       |     1 ||     1
Invok: Slimify           |     5 |     3 ||     8
       Request Jelly     |     1 |     1 ||     2
 Abil: Blink             |     1 |       ||     1
  Use: Potion            |     1 |       ||     1
